 Dungeon Crawl Stone Soup version 0.21.3-3-g218456f21e (webtiles) character file.

413 MordorOrchid the Stinger (level 6, -3/44 HPs)
             Began as a Gnoll Venom Mage on June 9, 2021.
             Slain by Ijyb
             ... wielding a +4 club
              (5 damage)
             ... on level 4 of the Dungeon.
             The game lasted 00:15:10 (1695 turns).

MordorOrchid the Stinger (Gnoll Venom Mage)         Turns: 1695, Time: 00:15:11

Health: -3/44      AC:  2    Str: 10    XL:     6   Next: 90%
Magic:  6/14       EV: 15    Int: 19    God:
Gold:   158        SH:  4    Dex: 16    Spells: 5/15 levels left

rFire    . . .     SeeInvis .   h - +0 short sword
rCold    . . .     Gourm    .   (no shield)
rNeg     . . .     Faith    .   a - +0 robe
rPois    .         Spirit   .   (no helmet)
rElec    .         Reflect  +   (no cloak)
rCorr    .         Harm     .   (no gloves)
MR       .....                  (no boots)
Stlth    +++.......             o - +4 amulet of reflection
HPRegen  0.14/turn              e - +4 ring of slaying
MPRegen  0.14/turn              (no ring)

@: very slightly contaminated
A: distributed training, fangs 1, strong nose
a: no special abilities


You were on level 4 of the Dungeon.
You were not hungry.

You visited 1 branch of the dungeon, and saw 4 of its levels.

You collected 158 gold pieces.

Inventory:

Hand Weapons
 f - a +0 dagger
 h - a +0 short sword (weapon)
 y - a +0 trident
Missiles
 g - 77 stones (quivered)
 l - 12 arrows
 p - 47 sling bullets
Armour
 a - a +0 robe (worn)
 j - a +0 ring mail
Jewellery
 e - a +4 ring of slaying (left hand)
 o - a +4 amulet of reflection (around neck)
Wands
 m - a wand of polymorph (14)
 s - a wand of paralysis (6)
Scrolls
 d - a scroll of fog {unknown}
 i - a scroll of random uselessness {unknown}
 k - a scroll of blinking {unknown}
 n - a scroll of magic mapping {unknown}
 v - a scroll of amnesia {unknown}
 x - a scroll of immolation
Potions
 q - a potion of mutation
Books
 b - a Young Poisoner's Handbook

   Spells                             Type                      Level
   a - Sting                          Conjuration/Poison           1
   b - Poisonous Vapours              Poison/Air                   2
   c - Mephitic Cloud                 Conjuration/Poison/Air       3
   d - Olgreb's Toxic Radiance        Poison                       4
   e - Venom Bolt                     Conjuration/Poison           5
Comestibles
 c - 5 rations
 w - 2 chunks of flesh


   Skills:
 + Level 2.1 Fighting
 + Level 2.1 Short Blades
 + Level 2.1 Long Blades
 + Level 2.1 Axes
 + Level 2.1 Maces & Flails
 + Level 2.1 Polearms
 + Level 2.1 Staves
 + Level 2.1 Slings
 + Level 2.1 Bows
 + Level 2.1 Crossbows
 + Level 2.1 Throwing
 + Level 2.1 Armour
 + Level 5.0 Dodging
 + Level 4.7 Stealth
 + Level 2.1 Shields
 + Level 2.1 Unarmed Combat
 + Level 5.4 Spellcasting
 + Level 2.7 Conjurations
 + Level 1.6 Hexes
 + Level 1.6 Charms
 + Level 1.6 Summonings
 + Level 1.6 Necromancy
 + Level 1.6 Translocations
 + Level 1.6 Transmutations
 + Level 1.6 Fire Magic
 + Level 1.6 Ice Magic
 + Level 1.6 Air Magic
 + Level 1.6 Earth Magic
 + Level 5.7 Poison Magic
 + Level 2.3 Invocations
 + Level 2.1 Evocations


You had 5 spell levels left.
You knew the following spells:

 Your Spells              Type           Power        Failure   Level  Hunger
a - Sting                 Conj/Pois      ###.         1%          1    None
b - Olgreb's Toxic Radia  Pois           ####....     11%         4    ####...
g - Mephitic Cloud        Conj/Pois/Air  ###.....     9%          3    ##.....
p - Poisonous Vapours     Pois/Air       ###...       3%          2    None


Dungeon Overview and Level Annotations

Branches:
Dungeon (4/15)
 Temple: D:4-7

Altars:

Annotations:
D:3 CurlyBrace's ghost, weakling FeEE
D:4 Ijyb


Innate Abilities, Weirdness & Mutations

Your experience applies equally to all skills.
You have very sharp teeth.
Your uncanny sense of smell can sniff out nearby items.


Message History

Aiming: Poisonous Vapours
Press: ? - help, Dir - move target cursor, f/p - Ijyb
Aim: Ijyb, wielding an enchanted club, wearing a ring mail and carrying a wand of flame (25)
You miscast Poisonous Vapours.
You are very lightly contaminated with residual magic.
You feel mildly nauseous.
Casting: Poisonous Vapours
Confirm with . or Enter, or press ? or * to list all spells.
Aiming: Sting
Press: ? - help, Shift-Dir - straight line, f/p - Ijyb
Aim: Ijyb, wielding an enchanted club, wearing a ring mail and carrying a wand of flame (25) (noxious fumes)
The sting hits Ijyb.
Ijyb is moderately wounded.
Ijyb is engulfed in noxious fumes.
Ijyb appears confused.
You hit Ijyb.
Ijyb is heavily wounded.
You hit Ijyb.
Ijyb is severely wounded.
Ijyb hits you with an enchanted club.
You die...

#.......#
########.#####.#
.........# #.#
##########
#.#########
#.#.......# #####
#.#.......# ....#
#.#.......# ....#
#.........# ....#
#.g@......# ....#
#..§§.....# ....#
#..§......# ....#
###.......# ....####
######+## ...>...#
######
###.##.########....#
##................+
#.......######....#


You could see Ijyb (confused).

Vanquished Creatures
  Menkaure (D:4)
  An ice beast (D:3)
  A scorpion (D:4)
  An orc wizard (D:4)
  A worker ant (D:4)
  3 adders
  An adder skeleton (D:4)
  4 worms
  2 dart slugs
  2 leopard geckos
  7 orcs
  3 giant cockroaches (D:2)
  6 hobgoblins
  6 jackals
  A quokka (D:3)
  A ball python (D:3)
  7 bats
  3 frilled lizards
  2 goblins
  2 kobolds (D:1)
  3 rats
58 creatures vanquished.

Notes
Turn   | Place    | Note
-------+----------+-------------------------------------------
     0 | D:1      | MordorOrchid the Gnoll Venom Mage began the quest for the Orb.
     0 | D:1      | Reached XP level 1. HP: 13/13 MP: 6/6
   304 | D:1      | Reached XP level 2. HP: 19/19 MP: 3/7
   308 | D:1      | Learned a level 2 spell: Poisonous Vapours
   564 | D:2      | Reached skill level 5 in Spellcasting
   564 | D:2      | Reached XP level 3. HP: 25/25 MP: 1/9
   569 | D:2      | Learned a level 3 spell: Mephitic Cloud
   682 | D:2      | Reached skill level 1 in Invocations
   790 | D:3      | Reached skill level 1 in Fighting
   790 | D:3      | Reached skill level 1 in Short Blades
   790 | D:3      | Reached skill level 1 in Long Blades
   790 | D:3      | Reached skill level 1 in Axes
   790 | D:3      | Reached skill level 1 in Maces & Flails
   790 | D:3      | Reached skill level 1 in Polearms
   790 | D:3      | Reached skill level 1 in Staves
   790 | D:3      | Reached skill level 1 in Slings
   790 | D:3      | Reached skill level 1 in Bows
   790 | D:3      | Reached skill level 1 in Crossbows
   790 | D:3      | Reached skill level 1 in Throwing
   790 | D:3      | Reached skill level 1 in Armour
   790 | D:3      | Reached skill level 1 in Shields
   790 | D:3      | Reached skill level 1 in Unarmed Combat
   790 | D:3      | Reached skill level 1 in Evocations
   842 | D:3      | Reached XP level 4. HP: 32/32 MP: 8/11
   848 | D:3      | Learned a level 4 spell: Olgreb's Toxic Radiance
   990 | D:3      | Noticed an ice beast
  1027 | D:3      | Noticed CurlyBrace's ghost (weakling FeEE)
  1296 | D:3      | Killed an ice beast
  1296 | D:3      | Reached skill level 1 in Hexes
  1296 | D:3      | Reached skill level 1 in Charms
  1296 | D:3      | Reached skill level 1 in Summonings
  1296 | D:3      | Reached skill level 1 in Necromancy
  1296 | D:3      | Reached skill level 1 in Translocations
  1296 | D:3      | Reached skill level 1 in Transmutations
  1296 | D:3      | Reached skill level 1 in Fire Magic
  1296 | D:3      | Reached skill level 1 in Ice Magic
  1296 | D:3      | Reached skill level 1 in Air Magic
  1296 | D:3      | Reached skill level 1 in Earth Magic
  1296 | D:3      | Reached XP level 5. HP: 8/37 MP: 12/12
  1440 | D:4      | Reached XP level 6. HP: 13/44 MP: 2/13
  1567 | D:4      | Noticed Menkaure
  1583 | D:4      | Killed Menkaure
  1583 | D:4      | Reached skill level 5 in Dodging
  1686 | D:4      | Noticed Ijyb
  1689 | D:4      | HP: 1/44 [Ijyb/wand of flame (26) (9)]
  1695 | D:4      | Slain by Ijyb

Skill      XL: |  1  2  3  4  5  6 |
---------------+-------------------+-----
Conjurations   | 2 |  2.7
Spellcasting   | 5 |  5.4
Invocations    | 1 2 |  2.3
Fighting       | 1 2 |  2.1
Short Blades   | 1 2 |  2.1
Long Blades    | 1 2 |  2.1
Axes           | 1 2 |  2.1
Maces & Flails | 1 2 |  2.1
Polearms       | 1 2 |  2.1
Staves         | 1 2 |  2.1
Slings         | 1 2 |  2.1
Bows           | 1 2 |  2.1
Crossbows      | 1 2 |  2.1
Throwing       | 1 2 |  2.1
Armour         | 1 2 |  2.1
Shields        | 1 2 |  2.1
Unarmed Combat | 1 2 |  2.1
Evocations     | 1 2 |  2.1
Hexes          | 1 |  1.6
Charms         | 1 |  1.6
Summonings     | 1 |  1.6
Necromancy     | 1 |  1.6
Translocations | 1 |  1.6
Transmutations | 1 |  1.6
Fire Magic     | 1 |  1.6
Ice Magic      | 1 |  1.6
Air Magic      | 1 |  1.6
Earth Magic    | 1 |  1.6
Dodging        | 5 |  5.0
Stealth        | |  4.7
Poison Magic   | |  5.7

Action                   |  1- 3 |  4- 6 || total
-------------------------+-------+-------++-------
Melee: Mace              |    33 |       ||    33
       Bite              |     7 |     3 ||    10
       Short sword       |    18 |    30 ||    48
       Punch             |       |     2 ||     2
 Cast: Sting             |    36 |    22 ||    58
       Poisonous Vapours |    10 |     6 ||    16
       Olgreb's Toxic Ra |       |     2 ||     2
       Mephitic Cloud    |       |     2 ||     2
Evoke: Wand              |       |     1 ||     1
  Use: Scroll            |     4 |     2 ||     6
       Potion            |       |     5 ||     5
 Stab: Sleeping          |     5 |     1 ||     6
       Paralysed         |       |     2 ||     2
  Eat: Chunk             |       |     3 ||     3
Armor: Robe              |     2 |     2 ||     4
Dodge: Dodged            |    10 |    20 ||    30
Block: Other             |       |     5 ||     5
